 Dungeon Crawl Stone Soup version 0.22-a0-596-gfbd32a6 (webtiles) character file.

38 Gorglomux the Poker (level 3, 0/30 HPs)
             Began as a Merfolk Abyssal Knight on July 5, 2018.
             Was a Follower of Lugonu.
             Slain by an orc priest
             ... wielding a +0 flail
              (10 damage)
             ... on level 2 of the Dungeon.
             The game lasted 00:01:28 (1163 turns).

Gorglomux the Poker (Merfolk Abyssal Knight)        Turns: 1163, Time: 00:01:29

Health: 0/30       AC:  8    Str: 13    XL:     3   Next: 43%
Magic:  4/4        EV:  6    Int: 11    God:    Lugonu [*.....]
Gold:   59         SH:  0    Dex: 13    Spells: 2/2 levels left

rFire    . . .     SeeInvis .   a - +1 spear
rCold    . . .     Gourm    .   (no shield)
rNeg     . . .     Faith    .   d - +0 chain mail
rPois    .         Spirit   .   (no helmet)
rElec    .         Reflect  .   (no cloak)
rCorr    .         Harm     .   (no gloves)
MR       .....                  (no boots)
Stlth    ..........             (no amulet)
HPRegen  0.10/turn              (no ring)
MPRegen  0.09/turn              (no ring)

@: no status effects
A: change form in water, swift swim, stealthy swim
a: Depart the Abyss, Renounce Religion


You were on level 2 of the Dungeon.
You worshipped Lugonu.
Lugonu was aware of your devotion.
You were not hungry.

You visited 1 branch of the dungeon, and saw 2 of its levels.
You visited the Abyss 1 time.

You collected 59 gold pieces.

Inventory:

Hand Weapons
 a - a +1 spear (weapon)
Armour
 d - a +0 chain mail (worn)
Jewellery
 n - an uncursed ring of see invisible {unknown}
Scrolls
 f - 3 scrolls of fear {unknown}
 g - 2 scrolls of identify {unknown}
 h - 2 scrolls of teleportation {unknown}
 k - 2 scrolls of amnesia {unknown}
 o - a scroll of immolation {unknown}
Potions
 e - a potion of curing {unknown}
 i - a potion of magic {unknown}
 l - a potion of resistance {unknown}
 m - 2 potions of brilliance {unknown}
Comestibles
 c - 4 rations
 p - 2 chunks of flesh


   Skills:
 + Level 3.8 Fighting
 + Level 4.0 Polearms
 - Level 0.6 Armour
 + Level 3.6 Dodging
 - Level 2.0 Invocations


You had 2 spell levels left.
You didn't know any spells.
Your spell library was empty.

Dungeon Overview and Level Annotations

Branches:
Dungeon (2/15)

Altars:
Fedhas
Okawaru
Yredelemnul
Zin


Message History

You skewer the orc like a kebab!
You annihilate the orc!!!
Lugonu roars: ANNIHILATED!
The orc priest miscasts a cantrip!
The worm bites you but does butt damage!
You spit the worm like a pig!
The worm is lightly wounded!
A hobgoblin comes into view! It is wielding a club!
There are monsters nearby!!!
Your chain mail prevents you from hitting the worm!
The worm is lightly wounded!
The hobgoblin shouts!!!
The worm bites you! The orc priest hits you with a flail!!!
You barely miss the worm!
The worm is lightly wounded!
A giant cockroach comes into view!
You stick the worm like a pincushion!
The worm is lightly wounded!
The orc priest hits you with a flail!!! rip s. ....# .. ....# ..## .... .#. ... .. ..# ## .#o.# # #.. #owr#

# #.###@#..# ###
#.....##.( ###.. ##
#....## #.## ####...#
...####..###
#>.####....###
#.......# ##...<..####
###.....# ####...#####
#
###..#.####.....#######
#
#......###..###.......#
# ## ####..........##
#.......# ##


You could see a worm, an orc priest, an orc, a quokka and a giant cockroach.

Vanquished Creatures
  A dart slug (D:2)
  A leopard gecko (D:1)
  An orc (D:2)
  A giant cockroach (D:1)
  5 goblins
  6 hobgoblins
  2 bats (D:2)
  2 frilled lizards
  5 kobolds
  7 rats
31 creatures vanquished.

Notes
Turn   | Place    | Note
-------+----------+-------------------------------------------
     0 | Abyss:1  | Gorglomux the Merfolk Abyssal Knight began the quest for the Orb.
     0 | Abyss:1  | Reached XP level 1. HP: 18/18 MP: 2/2
   106 | Abyss:1  | Noticed a small abomination
   138 | Abyss:1  | Noticed a ynoxinul
   140 | D:1      | Escaped the Abyss
   217 | D:1      | Reached skill level 3 in Dodging
   231 | D:1      | Reached XP level 2. HP: 12/24 MP: 3/3
   623 | D:1      | Reached * piety under Lugonu
   886 | D:2      | Reached XP level 3. HP: 30/30 MP: 4/4
   944 | D:2      | Found a basalt altar of Yredelemnul.
   963 | D:2      | Found an iron altar of Okawaru.
   988 | D:2      | Found a blossoming altar of Fedhas.
  1086 | D:2      | Found a glowing silver altar of Zin.
  1112 | D:2      | Reached skill level 4 in Polearms
  1163 | D:2      | Slain by an orc priest

Vault maps used:
D:1:      eino_arrival_cavern_b, serial_glass, glass_columns_a, glass_columns_a
D:2:      marbit_many_paths, fedhas_altar_2, lemuel_crystal_altar,
          okawaru_metal_pillars_3

Skill      XL: |  1  2  3 |
---------------+----------+-----
Dodging        | 3 |  3.6
Polearms       | 4 |  4.0
Fighting       | |  3.8
Armour         | |  0.6
Invocations    | |  2.0

Action                   || total
-------------------------++-------
Melee: Spear             ||   131
Invok: Depart the Abyss  ||     1
  Eat: Chunk             ||     1
Armor: Chain mail        ||    68
Dodge: Dodged            ||    24

Table legend:
 A = Spawn XP
 B = Non-spawn XP
 C = Spawn XP percentage of total XP
 D = Spawn monster count
 E = Non-spawn monster count
 F = Spawn count percentage of total count
 G = Total turns spent on level
                    A         B        C        D         E        F      G
               +---------+---------+-------+---------+---------+-------+---------
         Total |       0 |      55 |   0.0 |       0 |      31 |   0.0 |  1163
               +---------+---------+-------+---------+---------+-------+---------
           D:1 |       0 |      33 |   0.0 |       0 |      20 |   0.0 |   739
           D:2 |       0 |      22 |   0.0 |       0 |      11 |   0.0 |   284
               +---------+---------+-------+---------+---------+-------+---------
